 Dungeon Crawl Stone Soup version 0.23-a0-714-g00c90a0c22 (webtiles) character file.

1322 LLavrengius the Caller (level 8, -5/58 HPs)
             Began as a Gnoll Summoner on Jan 16, 2019.
             Killed from afar by a guardian golem (33 damage)
             ... with an exploding inner flame
             ... summoned by the player character
             ... on level 7 of the Dungeon.
             The game lasted 00:31:55 (7198 turns).

LLavrengius the Caller (Gnoll Summoner)             Turns: 7198, Time: 00:31:57

Health: -5/58      AC:  3    Str: 12    XL:     8   Next: 59%
Magic:  14/17      EV:  8    Int: 21    God:
Gold:   282        SH:  0    Dex: 20    Spells: 7/19 levels left

rFire    . . .     SeeInvis .   v - +0 quarterstaff (curse)
rCold    . . .     Gourm    +   (shield currently unavailable)
rNeg     . . .     Faith    .   a - +1 robe
rPois    .         Spirit   .   (no helmet)
rElec    .         Reflect  .   (no cloak)
rCorr    .         Harm     .   (no gloves)
MR       .....                  (no boots)
Stlth    +++.......             i - amulet of the gourmand
HPRegen  0.19/turn              s - +4 ring of intelligence
MPRegen  0.15/turn              r - +3 ring of dexterity

@: held
A: distributed training, fangs 1, strong nose
a: no special abilities


You were on level 7 of the Dungeon.
You were completely stuffed.

You visited 1 branch of the dungeon, and saw 7 of its levels.

You collected 282 gold pieces.

Inventory:

Hand Weapons
 d - a +0 short sword
 f - a +0 hand crossbow
 p - a cursed +2 long sword
 q - a +0 spear
 v - a cursed +0 quarterstaff (weapon)
 B - a +2 morningstar
 C - a +0 halberd
 F - a +5 dire flail
 H - a +1 trident of freezing
Missiles
 e - 190 stones (quivered)
Armour
 a - a +1 robe (worn)
Jewellery
 g - an uncursed ring of fire
 i - an amulet of the gourmand (around neck)
 r - a +3 ring of dexterity (right hand)
 s - a +4 ring of intelligence (left hand)
 u - an uncursed amulet of regeneration
 A - an uncursed ring of protection from cold
 E - an uncursed ring of wizardry {unknown}
 J - an uncursed ring of fire
Wands
 m - a wand of paralysis (17)
 t - a wand of random effects (5)
 y - a wand of acid (11)
Scrolls
 b - 4 scrolls of teleportation
 l - a scroll of blinking
 z - 2 scrolls of amnesia
 D - 2 scrolls of enchant armour
 K - a scroll of fear {unknown}
Potions
 j - a potion of invisibility
 k - a potion of mutation
 n - 3 potions of agility
 o - 3 potions of haste
 w - 4 potions of curing
 x - a potion of flight
 G - 2 potions of heal wounds
Comestibles
 c - 8 rations


   Skills:
 + Level 3.3 Fighting
 + Level 3.3 Short Blades
 + Level 3.3 Long Blades
 + Level 3.3 Axes
 + Level 3.3 Maces & Flails
 + Level 3.3 Polearms
 + Level 3.3 Staves
 + Level 3.3 Slings
 + Level 3.3 Bows
 + Level 3.3 Crossbows
 + Level 3.3 Throwing
 + Level 3.3 Armour
 + Level 5.7 Dodging
 + Level 5.4 Stealth
 + Level 3.3 Shields
 + Level 3.3 Unarmed Combat
 + Level 6.1 Spellcasting
 + Level 2.7 Conjurations
 + Level 2.7 Hexes
 + Level 2.7 Charms
 + Level 7.7 Summonings
 + Level 2.7 Necromancy
 + Level 2.7 Translocations
 + Level 2.7 Transmutations
 + Level 2.7 Fire Magic
 + Level 2.7 Ice Magic
 + Level 2.7 Air Magic
 + Level 2.7 Earth Magic
 + Level 2.7 Poison Magic
 + Level 3.7 Invocations
 + Level 3.3 Evocations


You had 7 spell levels left.
You knew the following spells:

 Your Spells              Type           Power        Failure   Level  Hunger
a - Summon Lightning Spi  Summ/Air       ####....     11%         4    ####...
b - Call Imp              Summ           #####...     1%          2    None
c - Call Canine Familiar  Summ           #####...     1%          3    ##.....
d - Summon Guardian Gole  Hex/Summ       ####....     3%          3    ##.....

Your spell library contained the following spells:

 Spells                   Type           Power        Failure   Level  Hunger
 Summon Small Mammal      Summ           ####         1%          1    None
 Summon Ice Beast         Ice/Summ       ####....     11%         4    ####...


Dungeon Overview and Level Annotations

Branches:
Dungeon (7/15)
 Temple: D:4-7

Altars:
Ashenzari

Annotations:
D:7 Harold


Innate Abilities, Weirdness & Mutations

Your experience applies equally to all skills.
You have very sharp teeth.
Your uncanny sense of smell can sniff out nearby items.


Message History

You swap places.
Harold throws a throwing net.
The throwing net barely misses your guardian golem.
The throwing net hits you.
You become entangled in the net!
You see here a throwing net.
You struggle against the net.
Harold zaps a wand.
The bolt of acid hits your guardian golem.
Your guardian golem is splashed with acid.
The acid corrodes your guardian golem! The bolt of acid hits you!
You are splashed with acid!
The acid burns!
You struggle against the net.
Harold hits your guardian golem with a +0 broad axe of freezing!
Harold freezes your guardian golem.
Your guardian golem overheats!
You struggle against the net.
Harold hits your guardian golem with a +0 broad axe of freezing!
Harold freezes your guardian golem.
Your guardian golem explodes!
The fiery explosion engulfs Harold.
The fiery explosion engulfs you!
Ouch! That really hurt!
You die...

∆ #.......#
...^#####.##
.>. #..# ...
##.## ### .#
#..# #.. .
##.###.# .
#..##@# #
##..#§#
##..@#
#......#
#......#
....<...#
###......#
#......#
....####
#.####


You could see Harold.

Vanquished Creatures
  An ogre (D:4)
  A centaur (D:7)
  A scorpion (D:5)
  2 crimson imps (D:6)
  3 hounds
  An orc priest (D:3)
  2 iguanas (D:5)
  3 worker ants
  A hound zombie (D:5)
  A hound skeleton (D:4)
  2 howler monkey zombies (D:6)
  A gnoll (D:4)
  5 adders
  2 adder skeletons
  2 dart slugs
  7 leopard geckos
  14 orcs
  4 bats
  4 giant cockroaches
  2 goblins (D:1)
  4 hobgoblins
  A jackal (D:1)
  2 kobolds
  A quokka (D:6)
  4 ball pythons
  3 frilled lizards
  A jackal zombie (D:5)
  A leopard gecko zombie (D:6)
  4 rats (D:1)
80 creatures vanquished.

Vanquished Creatures (collateral kills)
  Menkaure (D:6)
  A water moccasin (D:5)
  2 phantoms
  An ogre (D:4)
  9 wights (D:6)
  A howler monkey (D:6)
  A crimson imp (D:5)
  A gnoll shaman (D:7)
  An orc priest (D:5)
  A hound (D:6)
  A jelly (D:6)
  Ijyb (D:3)
  3 worker ants
  An orc wizard (D:5)
  A hound zombie (D:6)
  Robin (D:3)
  3 gnolls (D:7)
  5 adders
  A worm (D:2)
  A leopard gecko (D:3)
  9 orcs
  2 bats (D:3)
  5 giant cockroaches
  8 goblins (D:3)
  7 hobgoblins
  A jackal (D:1)
  3 ball pythons
  2 kobolds
  2 rats (D:3)
76 creatures vanquished.

Vanquished Creatures (others)
  An orc wizard (D:6)
1 creature vanquished.

Grand Total: 157 creatures vanquished

Notes
Turn   | Place    | Note
-------+----------+-------------------------------------------
     0 | D:1      | LLavrengius the Gnoll Summoner began the quest for the Orb.
     0 | D:1      | Reached XP level 1. HP: 13/13 MP: 6/6
   815 | D:1      | Reached XP level 2. HP: 19/19 MP: 7/7
  1385 | D:1      | Learned a level 2 spell: Call Imp
  1459 | D:1      | Reached XP level 3. HP: 25/25 MP: 9/9
  1583 | D:2      | Reached skill level 5 in Spellcasting
  1656 | D:2      | Reached skill level 1 in Invocations
  1925 | D:2      | Learned a level 3 spell: Call Canine Familiar
  2020 | D:2      | You fall through a shaft!
  2021 | D:3      | Noticed Ijyb
  2023 | D:3      | Reached skill level 1 in Fighting
  2023 | D:3      | Reached skill level 1 in Short Blades
  2023 | D:3      | Reached skill level 1 in Long Blades
  2023 | D:3      | Reached skill level 1 in Axes
  2023 | D:3      | Reached skill level 1 in Maces & Flails
  2023 | D:3      | Reached skill level 1 in Polearms
  2023 | D:3      | Reached skill level 1 in Staves
  2023 | D:3      | Reached skill level 1 in Slings
  2023 | D:3      | Reached skill level 1 in Bows
  2023 | D:3      | Reached skill level 1 in Crossbows
  2023 | D:3      | Reached skill level 1 in Throwing
  2023 | D:3      | Reached skill level 1 in Armour
  2023 | D:3      | Reached skill level 1 in Shields
  2023 | D:3      | Reached skill level 1 in Unarmed Combat
  2023 | D:3      | Reached skill level 1 in Evocations
  2036 | D:3      | Killed Ijyb
  2036 | D:3      | Reached XP level 4. HP: 32/32 MP: 1/11
  2108 | D:3      | Reached skill level 1 in Conjurations
  2108 | D:3      | Reached skill level 1 in Hexes
  2108 | D:3      | Reached skill level 1 in Charms
  2108 | D:3      | Reached skill level 1 in Necromancy
  2108 | D:3      | Reached skill level 1 in Translocations
  2108 | D:3      | Reached skill level 1 in Transmutations
  2108 | D:3      | Reached skill level 1 in Fire Magic
  2108 | D:3      | Reached skill level 1 in Ice Magic
  2108 | D:3      | Reached skill level 1 in Air Magic
  2108 | D:3      | Reached skill level 1 in Earth Magic
  2108 | D:3      | Reached skill level 1 in Poison Magic
  2259 | D:3      | Found a shattered altar of Ashenzari.
  2286 | D:3      | Reached XP level 5. HP: 28/37 MP: 5/12
  2293 | D:3      | Noticed Robin
  2300 | D:3      | Killed Robin
  2455 | D:3      | Learned a level 4 spell: Summon Lightning Spire
  2674 | D:4      | Noticed a phantom
  2759 | D:4      | Reached XP level 6. HP: 38/44 MP: 13/13
  2988 | D:4      | Reached skill level 5 in Dodging
  3197 | D:4      | Noticed a phantom
  3275 | D:4      | Killed a phantom
  3275 | D:4      | Reached XP level 7. HP: 23/50 MP: 6/15
  3280 | D:4      | Learned a level 3 spell: Summon Guardian Golem
  3735 | D:5      | Entered Level 5 of the Dungeon
  4524 | D:5      | Reached skill level 5 in Stealth
  5540 | D:6      | Reached XP level 8. HP: 30/57 MP: 12/16
  5909 | D:6      | Noticed Menkaure
  5922 | D:6      | Killed Menkaure
  7192 | D:7      | Noticed Harold
  7198 | D:7      | Killed from afar by a guardian golem

Vault maps used:
D:1:      sevenhm_arrival_forest_fort_small_6
D:2:      nicolae_ru_the_path_less_chosen
D:3:      grunt_temple_overflow_order_and_chaos_2, old_standard_altar,
          nicolae_ashenzari_panopticon, uniq_robin, uniq_sigmund, uniq_ijyb
D:4:      kennysheep_big_flooded_room, hangedman_minor_gate_pass
D:5:      first_ration, minmay_misc_feat_room
D:6:      uniq_menkaure
D:7:      fedhas_altar_1, minmay_temple_entry_nine_rooms, uniq_joseph,
          uniq_harold

Skill      XL: |  1  2  3  4  5  6  7  8 |
---------------+-------------------------+-----
Spellcasting   | 5 6 |  6.1
Invocations    | 1 2 3 |  3.7
Fighting       | 1 2 3 |  3.3
Short Blades   | 1 2 3 |  3.3
Long Blades    | 1 2 3 |  3.3
Axes           | 1 2 3 |  3.3
Maces & Flails | 1 2 3 |  3.3
Polearms       | 1 2 3 |  3.3
Staves         | 1 2 3 |  3.3
Slings         | 1 2 3 |  3.3
Bows           | 1 2 3 |  3.3
Crossbows      | 1 2 3 |  3.3
Throwing       | 1 2 3 |  3.3
Armour         | 1 2 3 |  3.3
Shields        | 1 2 3 |  3.3
Unarmed Combat | 1 2 3 |  3.3
Evocations     | 1 2 3 |  3.3
Conjurations   | 1 2 |  2.7
Hexes          | 1 2 |  2.7
Charms         | 1 2 |  2.7
Necromancy     | 1 2 |  2.7
Translocations | 1 2 |  2.7
Transmutations | 1 2 |  2.7
Fire Magic     | 1 2 |  2.7
Ice Magic      | 1 2 |  2.7
Air Magic      | 1 2 |  2.7
Earth Magic    | 1 2 |  2.7
Poison Magic   | 1 2 |  2.7
Dodging        | 5 |  5.7
Stealth        | 5 |  5.4
Summonings     | |  7.7

Action                   |  1- 3 |  4- 6 |  7- 9 || total
-------------------------+-------+-------+-------++-------
Melee: Unarmed           |    13 |       |       ||    13
       Club              |     6 |       |       ||     6
       Bite              |    10 |    17 |    23 ||    50
       Short sword       |    82 |   147 |    42 ||   271
       Punch             |       |     6 |       ||     6
       Quarterstaff      |       |       |   139 ||   139
 Cast: Summon Small Mamm |    10 |       |       ||    10
       Call Imp          |     7 |    18 |     4 ||    29
       Call Canine Famil |     1 |     4 |     9 ||    14
       Summon Lightning  |       |     2 |    15 ||    17
       Summon Guardian G |       |       |    10 ||    10
  Use: Scroll            |       |     8 |     9 ||    17
 Stab: Sleeping          |    11 |     4 |     7 ||    22
       Distracted        |       |     1 |     5 ||     6
  Eat: Chunk             |     4 |    13 |    19 ||    36
Armor: Robe              |    29 |    19 |    18 ||    66
Dodge: Dodged            |   102 |   135 |   150 ||   387

Table legend:
 A = Non-vault XP
 B = Vault XP
 C = Vault XP percentage of total XP
 D = Non-vault monster count
 E = Vault monster count
 F = Vault count percentage of total count
                 A         B        C        D         E       F
            +---------+---------+-------+---------+---------+-------
      Total |    1739 |     150 |   7.9 |     140 |      17 |  10.8
            +---------+---------+-------+---------+---------+-------
        D:1 |      36 |       0 |   0.0 |      25 |       0 |   0.0
        D:2 |      36 |       0 |   0.0 |      10 |       0 |   0.0
        D:3 |      86 |      40 |  31.7 |      25 |      14 |  35.9
        D:4 |     440 |      25 |   5.4 |      21 |       2 |   8.7
        D:5 |     433 |       0 |   0.0 |      22 |       0 |   0.0
        D:6 |     579 |      85 |  12.8 |      31 |       1 |   3.1
        D:7 |     129 |       0 |   0.0 |       6 |       0 |   0.0
            +---------+---------+-------+---------+---------+-------
